 Dungeon Sprint DCSS version 0.19-a0-829-g23a5e41 (webtiles) character file.

59892 Groucho the Peltast (level 14, -27/108 HPs)
             Began as a Minotaur Fighter on June 30, 2016.
             Was a Priest of Cheibriados.
             Killed from afar by an Ice Fiend (51 damage)
             ... with a bolt of cold
             ... summoned by a deep elf demonologist
             ... in the Dungeon (Sprint III: "The Ten Rune Challenge").
             The game lasted 00:22:37 (5538 turns).

Groucho the Peltast (Minotaur Fighter)              Turns: 5538, Time: 00:22:37

Health: -27/108    AC: 29    Str: 29    XL:     14   Next: 6%
Magic:  8/24       EV: 22    Int: 13    God:    Cheibriados [***...]
Gold:   582        SH: 24    Dex: 23    Spells: 0 memorised, 13 levels left

rFire  + + .     SeeInvis +     v - +1 war axe (holy)
rCold  . . .     Gourm    .     u - +7 chain mail "Lase" {SInv}
rNeg   . . .     Faith    .     t - +0 large shield
rPois  .         Spirit   .     a - +2 hat
rElec  .         Dismiss  .     r - +2 cloak
rCorr  .         Reflect  .     l - +0 pair of gloves
SustAt .         Harm     .     (no boots)
MR     ++...     Clarity  +     b - amulet "Duceoph" {Regen+ Dex+3}
Stlth  .......... NoTele   +    d - ring of flight
                                h - ring of Dawn {rF++ MR+ Str-3}

@: flying (expiring), very slow, very resistant to hostile enchantments,
extremely unstealthy
A: retaliatory headbutt, horns 2, blurry vision 1, clarity, frail 2
a: Bend Time, Temporal Distortion, Renounce Religion, Stop Flying
}: 1/10 runes: decaying


You were in the Dungeon.
You worshipped Cheibriados.
Cheibriados was most pleased with you.
You were very hungry.

You visited 1 branch You collected 2142 gold pieces.
You spent 1560 gold pieces at shops.

Inventory:

Hand Weapons
 v - a +1 war axe of holy wrath (weapon)
Missiles
 g - 4 tomahawks (quivered)
Armour
 a - a +2 hat (worn)
 c - a +0 plate armour
 l - a +0 pair of gloves (worn)
 r - a +2 cloak (worn)
 t - a +0 large shield (worn)
 u - the +7 chain mail "Lase" (worn) {SInv}
   (You bought it in a shop in the Dungeon)

   It lets you see invisible.
Jewellery
 b - the amulet "Duceoph" (around neck) {Regen+ Dex+3}
   (You bought it in a shop in the Dungeon)

   [amulet of regeneration]

   It affects your dexterity (+3).
   It increases your rate of regeneration.
 d - a ring of flight (right hand)
 h - the ring of Dawn (left hand) {rF++ MR+ Str-3}
   (You bought it in a shop in the Dungeon)

   [ring of protection from magic]

   It affects your strength (-3).
   It greatly protects you from fire.
   It affects your resistance to hostile enchantments.
 j - an uncursed ring of see invisible
Scrolls
 m - a scroll of identify
 n - 3 scrolls of remove curse
Potions
 e - a potion of mutation
 p - 2 potions of cure mutation
 q - 5 potions of flight
 s - a potion of agility
 w - a potion of cancellation {unknown}
Comestibles
 f - 2 bread rations
 i - 6 fruits
 o - 17 royal jellies


   Skills:
 + Level 15.3 Fighting
 + Level 18.7 Axes
 * Level 19.2 Armour
 * Level 16.7 Dodging
 * Level 19.3 Shields
 + Level 9.3 Unarmed Combat
 + Level 15.4 Invocations


You had 13 spell levels left.
You didn't know any spells.

Dungeon Overview and Level Annotations

Branches:
Dungeon (1/1)

Altars:
Cheibriados
Dithmenos
Elyvilon
Fedhas
Gozag
Hepliaklqana
Kikubaaqudgha
Makhleb
Nemelex Xobeh
Okawaru
Pakellas
Qazlal
Ru
Sif Muna
Trog
Uskayaw
Vehumet
Xom
Yredelemnul
Zin
The Shining One
Jiyva
Lugonu

Shops:
D =}[?

Annotations:
D exclusion: obsidian statue


Innate Abilities, Weirdness & Mutations

You reflexively headbutt those who attack you in melee.
You have a pair of horns on your head.
Scrolls take you a little longer to read.
You possess an exceptional clarity of mind.
You are very frail. (-20% HP)


Message History

Unknown command.
Okay, then.
Okay, then.
Unknown command.
You completely miss the deep elf blademaster.
Your headbutt misses the deep elf blademaster.
The deep elf blademaster is severely wounded.
You block the deep elf blademaster's attack.
The deep elf blademaster completely misses you.
You barely miss the deep elf blademaster.
The deep elf blademaster is severely wounded.
The deep elf blademaster hits you but does no damage.
You block the deep elf blademaster's attack.
The deep elf blademaster hits you but does no damage. x2
You slash the deep elf blademaster!
The deep elf blademaster is severely wounded.
The tormentor shouts, "I'll tear you apart!"
The Ice Fiend gestures at you. The bolt of cold hits you!
You die...

▓▓▓▓▓
###.#.################
.#.#..).#...##.[..'1..
)))..##.#...##≈≈≈§##..##
))...##)#...≈≈≈[@e2ee..#
)))..##.#)..##≈≈≈≈##..##
##.∩.##.'...##..e.'e..
##.#.################
########################
#.#.#.....#..(...'...≈≈#
.#.##.###.#.^(...#...≈≈###
.#.##)#.)##......#...≈≈≈≈#
..#..##..).......#...≈≈≈≈#


You could see a deep elf blademaster, an Ice Fiend, a deep elf death mage, 2
deep elf demonologists, a deep elf mage and a tormentor.

Vanquished Creatures
  Xtahua (D)
  Rupert (D)
  Polyphemus (D)
  Frances (D)
  Gastronok (D)
  Maud (D)
  5 azure jellies (D)
  Wiglaf (D)
  2 dire elephants (D)
  4 fire dragons (D)
  A deep elf high priest (D)
  Erolcha (D)
  3 hydras (D)
  4 death yaks (D)
  4 orc high priests (D)
  3 deep elf knights (D)
  A spriggan druid (D)
  A death drake (D)
  A lindwurm (D)
  4 deep elf magi (D)
  2 shining eyes (D)
  2 elephants (D)
  2 black mambas (D)
  2 spiny frogs (D)
  A rime drake (D)
  A komodo dragon (D)
  A queen bee (D)
  A spriggan defender (D)
  3 wandering mushrooms (D)
  2 giant leeches (D)
  8 blink frogs (D)
  A shadow (D)
  2 spriggans (D)
  5 redbacks (D)
  A spatial vortex (D)
  2 hill giants (D)
  2 hell hounds (D)
  A giant eyeball (D)
  A swamp drake (D)
  2 orc warriors (D)
  A necrophage (D)
  3 two-headed ogres (D)
  A water elemental (D)
  A scorpion (D)
  32 killer bees (D)
  An electric eel (D)
  A jelly (D)
  4 orc priests (D)
  A wizard (D)
  5 orc wizards (D)
  A necromancer (D)
  3 sheep (D)
  3 humans (D)
  A kobold demonologist (D)
  2 oozes (D)
  7 orcs (D)
  2 rats (D)
  5 plants (D)
157 creatures vanquished.

Vanquished Creatures (others)
  A deep elf blademaster (D)
  2 draconian scorchers (D)
  A ghost moth (D)
  A molten gargoyle (D)
  6 hellions (D)
  3 yaktaurs (D)
  A spriggan defender (D)
  A wasp (D)
  4 ball lightnings (D)
  10 ballistomycetes (D)
  4 giant spores (D)
  32 plants (D)
66 creatures vanquished.

Grand Total: 223 creatures vanquished

Notes
Turn   | Place    | Note
--------------------------------------------------------------
     0 | D        | Groucho the Minotaur Fighter began the quest for the Orb.
     0 | D        | Reached XP level 1. HP: 19/19 MP: 0/0
    13 | D        | Reached XP level 2. HP: 24/27 MP: 1/1
    38 | D        | Noticed a scorpion
    43 | D        | Killed a scorpion
    43 | D        | Reached skill level 5 in Fighting
    43 | D        | Reached skill level 5 in Armour
    43 | D        | Reached skill level 5 in Shields
    43 | D        | Reached XP level 3. HP: 23/36 MP: 2/2
    51 | D        | Reached XP level 4. HP: 14/44 MP: 3/3
    71 | D        | Killed a hellion
    72 | D        | Killed a hellion
    73 | D        | Killed a hellion
    76 | D        | Killed a hellion
   148 | D        | Killed a hellion
   159 | D        | Killed a hellion
   162 | D        | Killed a white draconian scorcher
   394 | D        | Noticed a water elemental
   400 | D        | Killed a water elemental
   419 | D        | Killed a white draconian scorcher
   543 | D        | Killed a yaktaur
   752 | D        | Found a basalt altar of Yredelemnul.
   752 | D        | Found a snail-covered altar of Cheibriados.
   752 | D        | Found a blossoming altar of Fedhas.
   752 | D        | Noticed a necrophage
   754 | D        | Reached XP level 5. HP: 27/51 MP: 4/4
   757 | D        | Killed a necrophage
   762 | D        | Became a worshipper of Cheibriados the Contemplative
  1033 | D        | Reached XP level 6. HP: 40/61 MP: 5/5
  1225 | D        | Noticed a shadow
  1229 | D        | Killed a shadow
  1229 | D        | Reached skill level 10 in Axes
  1297 | D        | Found a hazy altar of Hepliaklqana.
  1297 | D        | Found an iron altar of Okawaru.
  1297 | D        | Found a bloodstained altar of Trog.
  1297 | D        | Noticed a human
  1300 | D        | Noticed a human
  1306 | D        | Killed a human
  1306 | D        | Reached * piety under Cheibriados
  1306 | D        | Reached XP level 7. HP: 58/69 MP: 5/8
  1314 | D        | Killed a human
  1314 | D        | Reached skill level 5 in Invocations
  1507 | D        | Found a glowing silver altar of Zin.
  1508 | D        | Found a glowing golden altar of the Shining One.
  1508 | D        | Found a white marble altar of Elyvilon.
  1508 | D        | Noticed a deep elf mage
  1515 | D        | Killed a deep elf mage
  1515 | D        | Reached ** piety under Cheibriados
  1515 | D        | Reached XP level 8. HP: 37/75 MP: 9/12
  1690 | D        | Found a hide-covered altar of Uskayaw.
  1690 | D        | Found a radiant altar of Vehumet.
  1691 | D        | Found a deep blue altar of Sif Muna.
  1691 | D        | Found an ancient bone altar of Kikubaaqudgha.
  1695 | D        | Reached *** piety under Cheibriados
  1751 | D        | Found an oddly glowing altar of Pakellas.
  1751 | D        | Found a stormy altar of Qazlal.
  1751 | D        | Found a sacrificial altar of Ru.
  1751 | D        | Found a burning altar of Makhleb.
  1751 | D        | Found a shimmering altar of Xom.
  1752 | D        | Found a viscous altar of Jiyva.
  1752 | D        | Found a shadowy altar of Dithmenos.
  1752 | D        | Found a sparkling altar of Nemelex Xobeh.
  1752 | D        | Found a corrupted altar of Lugonu.
  1752 | D        | Found an opulent altar of Gozag.
  1872 | D        | Reached **** piety under Cheibriados
  1872 | D        | Reached skill level 1 in Dodging
  2174 | D        | Noticed Erolcha
  2184 | D        | Killed Erolcha
  2184 | D        | Reached skill level 10 in Armour
  2184 | D        | Reached skill level 10 in Shields
  2184 | D        | Reached XP level 9. HP: 67/83 MP: 13/15
  2191 | D        | Reached ***** piety under Cheibriados
  2199 | D        | Reached skill level 5 in Dodging
  2530 | D        | Noticed an orc high priest
  2531 | D        | Noticed an orc high priest
  2532 | D        | Noticed an ice devil
  2532 | D        | Reached ****** piety under Cheibriados
  2532 | D        | Reached skill level 10 in Invocations
  2533 | D        | Noticed a sun demon
  2534 | D        | Noticed a rust devil
  2534 | D        | Killed an orc high priest
  2534 | D        | Reached skill level 10 in Fighting
  2534 | D        | Killed an orc high priest
  2534 | D        | Reached skill level 15 in Axes
  2534 | D        | Reached XP level 10. HP: 81/94 MP: 5/17
  2653 | D        | Found Lagoerphutho's Jewellery Shop.
  2759 | D        | Bought the amulet "Duceoph" {Regen+ Dex+3} for 433 gold pieces
  2759 | D        | Bought the ring of Dawn {rF++ MR+ Str-3} for 432 gold pieces
  2759 | D        | Bought an uncursed ring of see invisible for 150 gold pieces
  2959 | D        | Noticed Wiglaf
  2959 | D        | Noticed Frances
  2962 | D        | Killed Wiglaf
  2968 | D        | Killed Frances
  2968 | D        | Reached skill level 10 in Dodging
  2968 | D        | Reached XP level 11. HP: 66/102 MP: 8/19
  3260 | D        | Noticed Rupert
  3277 | D        | Killed Rupert
  3473 | D        | Noticed a death yak
  3483 | D        | Killed a death yak
  3486 | D        | Noticed a death yak
  3486 | D        | Noticed a death yak
  3486 | D        | Noticed a death yak
  3486 | D        | Reached skill level 15 in Shields
  3496 | D        | Killed a death yak
  3496 | D        | Reached skill level 15 in Armour
  3496 | D        | Reached skill level 1 in Unarmed Combat
  3500 | D        | Killed a death yak
  3500 | D        | Reached XP level 12. HP: 113/113 MP: 21/21
  3508 | D        | Killed a death yak
  3535 | D        | Noticed an azure jelly
  3535 | D        | Noticed an azure jelly
  3536 | D        | Noticed an azure jelly
  3536 | D        | Noticed an azure jelly
  3558 | D        | Noticed Polyphemus
  3574 | D        | Killed Polyphemus
  3696 | D        | Noticed a dire elephant
  3696 | D        | Noticed a dire elephant
  3696 | D        | Noticed Gastronok
  3706 | D        | Killed a dire elephant
  3708 | D        | Killed a dire elephant
  3714 | D        | Killed Gastronok
  3719 | D        | Reached skill level 5 in Unarmed Combat
  3822 | D        | Noticed Maud
  3835 | D        | Killed Maud
  3911 | D        | Noticed a seven-headed hydra
  3911 | D        | Noticed a seven-headed hydra
  3916 | D        | Killed a seven-headed hydra
  3916 | D        | Killed a seven-headed hydra
  3916 | D        | Reached XP level 13. HP: 116/123 MP: 6/22
  4064 | D        | HP: 6/123 [poisoned by a death drake (dark miasma)]
  4069 | D        | HP: 6/123 [poisoned by a death drake (dark miasma)]
  4377 | D        | Noticed a fire dragon
  4378 | D        | Noticed a fire dragon
  4393 | D        | Killed a fire dragon
  4398 | D        | Killed a fire dragon
  4401 | D        | Noticed a fire dragon
  4412 | D        | Killed a fire dragon
  4417 | D        | Found Yrutiuh's Gadget Emporium.
  4417 | D        | Found Gecuikigg's Antique Armour Shop.
  4419 | D        | Found Muuron's Magic Scroll Shoppe.
  4421 | D        | Noticed a fire dragon
  4433 | D        | Killed a fire dragon
  4618 | D        | Bought a pair of gloves for 90 gold pieces
  4618 | D        | Bought a glowing cloak for 90 gold pieces
  4618 | D        | Bought a translucent chain mail for 190 gold pieces
  4638 | D        | Identified the +7 chain mail "Lase" {SInv} (You bought it in a shop in the Dungeon)
  4664 | D        | Noticed Xtahua
  4673 | D        | Killed Xtahua
  4673 | D        | Reached skill level 15 in Dodging
  4678 | D        | Got a decaying rune of Zot
  4739 | D        | Found a blossoming altar of Fedhas.
  4816 | D        | Killed an azure jelly
  4817 | D        | Killed an azure jelly
  4817 | D        | Killed an azure jelly
  4817 | D        | Reached skill level 15 in Invocations
  4817 | D        | Killed an azure jelly
  4820 | D        | Killed a ghost moth
  5058 | D        | Noticed an azure jelly
  5063 | D        | HP: 5/125 [azure jelly (42)]
  5067 | D        | Killed an azure jelly
  5068 | D        | Gained mutation: You are frail. (-10% HP) [a shining eye]
  5070 | D        | Gained mutation: You are very frail. (-20% HP) [a shining eye]
  5074 | D        | Reached skill level 15 in Fighting
  5448 | D        | Killed a deep elf blademaster
  5462 | D        | Reached XP level 14. HP: 108/108 MP: 16/24
  5493 | D        | Bought an uncursed ring of flight for 175 gold pieces
  5519 | D        | Noticed a deep elf blademaster
  5532 | D        | Gained mutation: Scrolls take you a little longer to read. [potion of mutation]
  5532 | D        | Gained mutation: You possess an exceptional clarity of mind. [potion of mutation]
  5538 | D        | Noticed an Ice Fiend
  5538 | D        | Killed from afar by an Ice Fiend

Vault maps used:
D:        dungeon_sprint_mu

Skill      XL: |  1  2  3  4  5  6  7  8  9 10 11 12 13 |
---------------+----------------------------------------+-----
Fighting       | 4 5 6 7 8 9 10 11 12 13 15 | 15.3
Axes           | 3 6 8 9 11 13 14 15 16 17 18 | 18.7
Armour         | 4 5 6 7 8 10 11 13 15 17 19 | 19.2
Shields        | 4 5 6 7 8 10 11 13 15 17 19 | 19.3
Invocations    | 3 7 9 10 12 13 14 15 | 15.4
Dodging        | 4 7 10 12 14 16 | 16.7
Unarmed Combat | 1 6 9 |  9.3

Action                   |  1- 3 |  4- 6 |  7- 9 | 10-12 | 13-15 || total
-------------------------+-------+-------+-------+-------+-------++-------
Melee: War axe           |    21 |    26 |    57 |   203 |   102 ||   409
       Headbutt          |     5 |     7 |    23 |    78 |    38 ||   151
Throw: Tomahawk          |       |       |       |     2 |     1 ||     3
Invok: Slouch            |       |       |     2 |    19 |    29 ||    50
 Abil: Evoke Flight      |       |       |       |       |     1 ||     1
  Use: Potion            |     1 |     1 |     1 |     2 |     5 ||    10
       Scroll            |       |       |       |     3 |     1 ||     4
  Eat: Royal jelly       |       |     1 |       |     3 |     3 ||     7
Armor: Scale mail        |     4 |     5 |     5 |       |       ||    14
       Plate armour      |       |       |       |    49 |     9 ||    58
       Chain mail        |       |       |       |       |    22 ||    22
Dodge: Dodged            |     5 |     4 |     3 |    87 |    43 ||   142
Block: Shield            |    14 |    11 |     4 |       |       ||    29
       Large shield      |       |       |    27 |   236 |   128 ||   391
